 Dungeon Crawl Stone Soup version 0.30.1-9-gdf580d7c3d (webtiles) character file.

Game seed: 6317883926013889324

2 KittyFluff the Trooper (level 1, -3/14 HPs)
             Began as a Gargoyle Berserker on Oct 6, 2023.
             Was a Follower of Trog.
             Slain by a gnoll
             ... wielding a +0 spear
              (7 damage)
             ... on level 1 of the Dungeon.
             The game lasted 00:00:58 (214 turns).

KittyFluff the Trooper (Gargoyle Berserker)          Turns: 214, Time: 00:00:59

Health: -3/14      AC:  5    Str: 20    XL:     1   Next: 30%
Magic:  1/1        EV: 11    Int:  7    God:    Trog [*.....]
Gold:   68         SH:  5    Dex:  9    Spells: 0/0 levels left

rFire   . . .        a - +0 mace
rCold   . . .        (no shield)
rNeg    + . .        e - +0 leather armour
rPois   ∞            (no helmet)
rElec   +            (no cloak)
rCorr   .            (no gloves)
SInv    .            (no boots)
Will    .....        d - amulet of reflection
Stlth   +            (no ring)
HPRegen 0.22/turn    (no ring)
MPRegen 0.07/turn

%: reflection
@: no status effects
A: sickness immunity, AC +2, negative energy resistance 1, electricity
resistance, torment resistance 1, petrification resistance
a: Renounce Religion, Berserk


You were on level 1 of the Dungeon.
You worshipped Trog.
Trog was aware of your devotion.
You visited 1 branch of the dungeon, and saw 1 of its levels.

You collected 68 gold pieces.

Inventory:

Hand Weapons
 a - a +0 mace (weapon)
Armour
 e - a +0 leather armour (worn)
Jewellery
 d - an amulet of reflection (around neck)
Scrolls
 b - a scroll of vulnerability {unknown}
Potions
 c - 2 potions of ambrosia {unknown}
 f - a potion of magic {unknown}


   Skills:
 + Level 3.3 Fighting
 * Level 3.0 Maces & Flails
 * Level 2.2 Armour
 + Level 1.5 Dodging


You couldn't memorise any spells.
You didn't know any spells.
Your spell library was empty.

Dungeon Overview and Level Annotations

Branches:
Dungeon (1/15)

Altars:


Innate Abilities, Weirdness & Mutations

You are immune to sickness and miasma.
Your stone body is resilient. (AC +2)
You are immune to poison.
You resist negative energy. (rN+)
You are resistant to electric shocks. (rElec)
You are resistant to unholy torment.
You are immune to petrification.


Message History

You drop a +0 animal skin.
b - a scroll labelled RAJAQO QUAKEGH You open the door.
There is an open door here.
Found 5 gold pieces.
Found a mace.
You now have 16 gold pieces (gained 5).
Found 18 gold pieces.
Found 16 gold pieces.
Found 5 gold pieces.
You now have 21 gold pieces (gained 5).
You now have 39 gold pieces (gained 18).
You now have 55 gold pieces (gained 16).
Found 13 gold pieces.
Found a cyan potion.
You now have 68 gold pieces (gained 13).
f - a cyan potion
Found a stone staircase leading down.
Found a leather armour.
A gnoll comes into view. It is wielding a +0 spear.
Found a scroll labelled NEDU IGIG WEBB.
The gnoll shouts!
The gnoll moves out of view.
Found a ring mail.
There is a stone staircase leading down here.
The gnoll barely misses you. The gnoll closely misses you.
You sock the gnoll!
The gnoll is heavily wounded.
The gnoll closely misses you. The gnoll hits you with a +0 spear.
You barely miss the gnoll.
The gnoll is heavily wounded.
The gnoll hits you with a +0 spear!
Ouch! That really hurt!
* * * LOW HITPOINT WARNING * * *
You closely miss the gnoll.
The gnoll is heavily wounded.
The gnoll hits you with a +0 spear!
Ouch! That really hurt!
You die...

#.#........## #.# #
#.#........+.##.#.#
##.#........#..#.#.#.#
............##......
............###..#
.................#
....############># #
....# #######.#.#
....# ......g@..#
....# ..........#
....# .......[.....
....# .........#####
....# .....?...# ....#
...[.....+ ....#
.........# ....#
.........# #####


You could see a gnoll.

Vanquished Creatures
  An endoplasm (D:1)
  A kobold (D:1)
2 creatures vanquished.

Notes
Turn   | Place    | Note
-------+----------+-------------------------------------------
     0 | D:1      | KittyFluff the Gargoyle Berserker began the quest for the
                  | Orb.
     0 | D:1      | Reached XP level 1. HP: 14/14 MP: 1/1
   214 | D:1      | Slain by a gnoll

Illustrated notes

Levels and vault maps discovered:
D:1:      dpeg_arrival_rhombi, layout_basic

Action                     || total
---------------------------++-------
  Melee: Mace              ||     6
  Dodge: Dodged            ||     4
